[Event "Team 45 45 League T69"]
[Site "Internet Chess Club"]
[Date "2016.07.01"]
[Round "4"]
[White "achessman"]
[Black "KBuccleuch"]
[Result "0-1"]
[WhiteElo "1935"]
[BlackElo "2017"]
[Opening "Alekhine's defense: exchange variation"]
[ECO "B02"]
[Time "07:10:53"]
[TimeControl "2700+45"]

1. e4 Nf6 2. e5 Nd5 3. c4 Nb6 4. d4 d6 5. exd6 cxd6 6. Be2 g6 7. b3 Bg7 8. Bb2
O-O 9. Nf3 Nc6 10. O-O Bg4 11. Nbd2 d5 12. h3 Bf5 13. cxd5 Nxd5 14. Nc4 Rc8 15.
Qd2 f6 16. Ne3 Bh6 17. Bc4 Be6 18. Rfd1 Qd7 19. Bxd5 Bxd5 20. Qe2 Qe6 21. Re1
Bxe3 22. fxe3 Nb4 23. e4 Rc2 24. Qb5 Qd6 25. Ba3 Qg3 26. Qf1 Nd3 27. Rec1 Nxc1
28. Ne1 Ne2+ 29. Kh1 Bxe4 {White resigns} 0-1

[Event "Team 45 45 League T69"]
[Site "Internet Chess Club"]
[Date "2016.07.01"]
[Round "4"]
[White "ChessHouston"]
[Black "MikeTtheGuru"]
[Result "0-1"]
[WhiteElo "1924"]
[BlackElo "1984"]
[Opening "Caro-Kann: Steinitz variation"]
[ECO "B17"]
[Time "18:07:44"]
[TimeControl "2700+45"]

1. e4 c6 2. d4 d5 3. Nc3 dxe4 4. Nxe4 Nd7 5. Nf3 Ngf6 6. Ng3 e6 7. Bd3 c5 8. c3
cxd4 9. Nxd4 Bc5 10. O-O O-O 11. Qe2 b6 12. b4 Bxd4 13. cxd4 Bb7 14. b5 Rc8 15.
Ba3 Re8 16. Rad1 Nd5 17. Bb2 Nf4 18. Qg4 Nxd3 19. Nh5 g6 20. Rxd3 Nf6 21. Nxf6+
Qxf6 22. Ra3 Bd5 23. Bc3 Qe7 {White resigns} 0-1

[Event "Team 45 45 League T69"]
[Site "Internet Chess Club"]
[Date "2016.07.06"]
[Round "4"]
[White "jjimalo"]
[Black "LiangLiang"]
[Result "0-1"]
[WhiteElo "1817"]
[BlackElo "1880"]
[Opening "Sicilian: Smith-Morra gambit"]
[ECO "B21"]
[Time "12:02:35"]
[TimeControl "2700+45"]

1. e4 c5 2. d4 cxd4 3. c3 dxc3 4. Nxc3 Nc6 5. Nf3 d6 6. Bc4 e6 7. O-O Nf6 8. Qe2
Be7 9. Rd1 e5 10. Bg5 O-O 11. h3 Be6 12. Bxe6 fxe6 13. Rd2 h6 14. Bh4 a6 15. a4
Rc8 16. Rad1 Qe8 17. Qe3 Na5 18. Qd3 Nc4 19. Rc2 Nh5 20. Bxe7 Nf4 21. Qf1 Qxe7
22. g3 Nxh3+ 23. Qxh3 Rxf3 24. Nd5 Qe8 25. Qg4 Rf7 26. b3 exd5 27. bxc4 d4 28.
Rb1 Qd7 29. Qxd7 Rxd7 30. Kf1 Rdc7 31. Ke2 Rxc4 32. Rxc4 Rxc4 33. Rxb7 Rxa4 34.
Rd7 Ra2+ 35. Ke1 a5 36. Rxd6 a4 37. f4 exf4 38. gxf4 Ra1+ 39. Ke2 a3 40. Rxd4 a2
41. Ra4 Rh1 {White resigns} 0-1

[Event "Team 45 45 League T69"]
[Site "Internet Chess Club"]
[Date "2016.07.01"]
[Round "4"]
[White "platolag"]
[Black "pishd"]
[Result "0-1"]
[WhiteElo "1687"]
[BlackElo "1827"]
[Opening "QGD semi-Slav"]
[ECO "D43"]
[Time "13:26:55"]
[TimeControl "2700+45"]

1. d4 Nf6 2. c4 e6 3. Nc3 d5 4. Nf3 c6 5. Bg5 Be7 6. e3 Nbd7 7. Bd3 dxc4 8. Bxc4
Nd5 9. Bxe7 Qxe7 10. O-O O-O 11. a3 N5f6 12. Rc1 e5 13. Re1 e4 14. Nd2 Nb6 15.
Ba2 Bf5 16. Bb1 Bg6 17. f3 exf3 18. Nxf3 Bxb1 19. Rxb1 Rad8 20. e4 Rfe8 21. e5
Nfd5 22. Ne4 Qf8 23. Nfg5 h6 24. Nf3 Re7 25. Nh4 Rc7 26. Nf5 g6 27. Qg4 Kh8 28.
Nfd6 Nc8 29. Nc4 Nce7 30. Nf6 Nxf6 31. exf6 Nf5 32. Rbd1 Rcd7 33. Re4 c5 34. d5
Rxd5 35. Rde1 b5 36. Ne3 Nxe3 37. R4xe3 Rd4 38. Qe2 a6 39. Re8 Rxe8 40. Qxe8 Rd8
41. Qxf8+ Rxf8 42. Re7 g5 43. Ra7 Kg8 44. Rxa6 Rd8 45. b4 cxb4 46. axb4 Rd4 47.
Ra8+ Kh7 48. Kf2 Rxb4 49. h3 Rf4+ {White resigns} 0-1

[Event "Team 45 45 League T69"]
[Site "Internet Chess Club"]
[Date "2016.07.03"]
[Round "4"]
[White "elmaestro"]
[Black "watkins"]
[Result "1/2-1/2"]
[WhiteElo "1736"]
[BlackElo "1613"]
[Opening "English, 1...Nf6 (Anglo-Indian defense)"]
[ECO "A13"]
[Time "01:16:41"]
[TimeControl "2700+45"]

1. c4 Nf6 2. g3 e6 3. Bg2 d5 4. Nf3 Nbd7 5. O-O dxc4 6. Qa4 Be7 7. Qxc4 Nb6 8.
Qb3 O-O 9. Nc3 Rb8 10. d4 Nbd5 11. Re1 a6 12. e4 Nb4 13. a3 Nd3 14. Rd1 Nxc1 15.
Raxc1 b5 16. Ne5 Bb7 17. d5 Qd6 18. Nc6 Bxc6 19. dxc6 Qe5 20. f4 Qh5 21. Nb1
Bc5+ 22. Kf1 Ng4 23. Bf3 Nxh2+ 24. Kg2 Nxf3 25. Qxf3 Qxf3+ 26. Kxf3 Bb6 27. Rd7
Rfd8 28. Rcd1 Rxd7 29. Rxd7 Kf8 30. Nc3 Ke8 31. f5 exf5 32. Nd5 fxe4+ 33. Kxe4
Rc8 34. Kf5 Rd8 35. Re7+ Kf8 36. Rd7 {Game drawn by mutual agreement} 1/2-1/2

[Event "Team 45 45 League T69"]
[Site "Internet Chess Club"]
[Date "2016.07.03"]
[Round "4"]
[White "IshanR"]
[Black "jonesey"]
[Result "0-1"]
[WhiteElo "1885"]
[BlackElo "2001"]
[Opening "Grob: Fritz gambit"]
[ECO "A00"]
[Time "08:05:04"]
[TimeControl "2700+45"]

1. g4 d5 2. Bg2 Bxg4 3. c4 c6 4. cxd5 cxd5 5. Qb3 Nf6 6. Nc3 e6 7. Qxb7 Nbd7 8.
Nb5 Rc8 9. Qxa7 Bc5 10. Qa4 Qb6 11. d4 Be7 12. Nc3 Bb4 13. Bd2 Qxd4 14. e3 Qc4
15. Bf1 Qc5 16. a3 Bxc3 17. Bxc3 O-O 18. Bb4 Qb6 19. Be2 Ne5 20. f3 Qxe3 21.
fxg4 Nd3+ 22. Kd1 Rc1+ 23. Rxc1 Qxc1# {White checkmated} 0-1

[Event "Team 45 45 League T69"]
[Site "Internet Chess Club"]
[Date "2016.06.30"]
[Round "4"]
[White "Frankly"]
[Black "parrot9"]
[Result "1-0"]
[WhiteElo "1752"]
[BlackElo "1718"]
[Opening "QGD Slav"]
[ECO "D11"]
[Time "17:11:28"]
[TimeControl "2700+45"]

1. d4 d5 2. c4 c6 3. Nf3 Nf6 4. e3 e6 5. Nbd2 Nbd7 6. b3 Be7 7. Bb2 O-O 8. Bd3
Re8 9. O-O Bd6 10. e4 dxe4 11. Nxe4 Nxe4 12. Bxe4 Qc7 13. Rc1 c5 14. Re1 Nf6 15.
Bb1 cxd4 16. Qxd4 Bd7 17. Qh4 Be7 18. Bxf6 Bxf6 19. Qxh7+ Kf8 20. Rcd1 Bc6 21.
Nd4 Ke7 22. Nf5+ Kf8 23. Qh8# {Black checkmated} 1-0

[Event "Team 45 45 League T69"]
[Site "Internet Chess Club"]
[Date "2016.07.04"]
[Round "4"]
[White "LookImYourVader"]
[Black "Constrictor"]
[Result "1/2-1/2"]
[WhiteElo "1696"]
[BlackElo "1557"]
[Opening "Caro-Kann: Panov-Botvinnik attack, 5...e6"]
[ECO "B14"]
[Time "17:07:44"]
[TimeControl "2700+45"]

1. e4 c6 2. d4 d5 3. exd5 cxd5 4. c4 Nf6 5. Nc3 e6 6. Nf3 Bb4 7. Bg5 Nbd7 8. Qb3
Qa5 9. a3 Bxc3+ 10. bxc3 Ne4 11. Bd2 O-O 12. Bd3 Nxd2 13. Nxd2 Nf6 14. cxd5 Nxd5
15. Rc1 Nf6 16. O-O b6 17. Ne4 Bb7 18. Rfe1 Nxe4 19. Bxe4 Bxe4 20. Rxe4 Qg5 21.
Rce1 Rfd8 22. Re5 Qd2 23. Rd1 Qf4 24. g3 Qf3 25. Re3 Qd5 26. c4 Qh5 27. Re5 Qg6
28. d5 exd5 29. Qe3 f6 30. Rexd5 Rxd5 31. Qe6+ Qf7 32. Qxd5 Qxd5 33. Rxd5 Rc8
34. Rd7 Rxc4 35. Rxa7 b5 36. Kf1 b4 37. axb4 {Game drawn by mutual agreement}
1/2-1/2

[Event "Team 45 45 League T69"]
[Site "Internet Chess Club"]
[Date "2016.07.01"]
[Round "4"]
[White "Innes"]
[Black "QuieroAprender"]
[Result "0-1"]
[WhiteElo "1492"]
[BlackElo "1542"]
[Opening "KGA: Abbazia defense (classical defense, modern defense[!])"]
[ECO "C36"]
[Time "19:03:14"]
[TimeControl "2700+45"]

1. e4 e5 2. f4 exf4 3. Nf3 d5 4. e5 Bg4 5. d4 Bxf3 6. Qxf3 Qh4+ 7. Kd1 Nd7 8.
Qxd5 O-O-O 9. c3 g5 10. Qf3 Nxe5 11. Qh3+ Qxh3 12. gxh3 c5 13. h4 cxd4 14. hxg5
dxc3+ 15. Kc2 cxb2 16. Bxb2 Bg7 17. Bh3+ Kb8 18. Re1 Nd3 19. Bxg7 Nxe1+ 20. Kb2
Ne7 21. Bxh8 Rxh8 22. Nd2 Nd3+ 23. Kc3 Rd8 24. Ne4 Ne5 25. Bf1 Nd5+ 26. Kb3 Ne3
27. Nf6 Nf3 28. Bh3 Nxg5 29. Bd7 Ne6 30. Bxe6 fxe6 31. Re1 Rd3+ 32. Kb2 Rd2+ 33.
Kb1 Rxh2 34. Rc1 b6 35. Ne8 Rd2 36. Rc6 f3 37. Nd6 Rd1+ 38. Kb2 Rxd6 {White
resigns} 0-1

[Event "Team 45 45 League T69"]
[Site "Internet Chess Club"]
[Date "2016.07.03"]
[Round "4"]
[White "drsigmund1"]
[Black "isolani"]
[Result "1-0"]
[WhiteElo "1516"]
[BlackElo "1483"]
[Opening "Queen's pawn game"]
[ECO "A46"]
[Time "16:00:11"]
[TimeControl "2700+45"]

1. d4 Nf6 2. Nf3 d6 3. Bf4 Bg4 4. e3 c6 5. Nbd2 Nbd7 6. Be2 Qa5 7. c3 e5 8. dxe5
dxe5 9. Nc4 Qc7 10. Nfxe5 Bxe2 11. Qxe2 Nd5 12. Bg3 Nxe5 13. Bxe5 Qd7 14. Rd1
Qe6 15. Bg3 O-O-O 16. e4 Nf6 17. Rxd8+ Kxd8 18. O-O Kc8 19. e5 Nd5 20. Re1 h5
21. h3 h4 22. Bh2 Bc5 23. Nd6+ Bxd6 24. exd6 Kd7 25. Qd1 Qg6 26. c4 {Black
resigns} 1-0

[Event "Team 45 45 League T69"]
[Site "Internet Chess Club"]
[Date "2016.07.04"]
[Round "4"]
[White "Kandor"]
[Black "Andaluz"]
[Result "0-1"]
[WhiteElo "1245"]
[BlackElo "1368"]
[Opening "Caro-Kann: closed (Breyer) variation"]
[ECO "B10"]
[Time "13:00:14"]
[TimeControl "2700+45"]

1. e4 c6 2. d3 d5 3. Nd2 Nd7 4. g3 dxe4 5. dxe4 Ngf6 6. Bg2 Qa5 7. Nf3 Nxe4 8.
O-O Nxd2 9. Bxd2 Qc7 10. Bf4 Qb6 11. Qd4 Qc5 12. Qxc5 Nxc5 13. Ne5 Nd7 14. Rad1
Nxe5 15. Bxe5 f6 16. Bc7 Bf5 17. Rd2 e5 18. Rfd1 Be7 19. Ba5 O-O 20. c4 Rac8 21.
Bc3 Rcd8 22. Rxd8 Rxd8 23. Rxd8+ Bxd8 24. b4 Be6 {White resigns} 0-1

[Event "Team 45 45 League T69"]
[Site "Internet Chess Club"]
[Date "2016.07.02"]
[Round "4"]
[White "Gojira"]
[Black "houseofcook"]
[Result "1-0"]
[WhiteElo "1616"]
[BlackElo "1423"]
[Opening "Queen's pawn: London system"]
[ECO "A45"]
[Time "07:00:34"]
[TimeControl "2700+45"]

1. d4 Nf6 2. Bf4 c5 3. c3 cxd4 4. cxd4 d5 5. e3 e6 6. Nf3 Bd6 7. Ne5 O-O 8. Nd2
Nc6 9. a3 Bc7 10. Bd3 Re8 11. Ndf3 Nd7 12. Nxd7 Qxd7 13. Bxh7+ Kf8 14. Bxc7 Qxc7
15. Bd3 Ke7 16. Rc1 Qd6 17. Qc2 Bd7 18. Qc5 Qxc5 19. Rxc5 Rac8 20. Kd2 b6 21.
Rc3 Na5 22. Rhc1 Rxc3 23. Rxc3 Rc8 24. Ne5 Rxc3 25. Kxc3 Nc6 26. Nxd7 Kxd7 27.
Bb5 Kc7 28. Bxc6 Kxc6 29. Kb4 a6 30. a4 a5+ 31. Kc3 b5 32. axb5+ Kxb5 33. h4 Kc6
34. g4 Kd7 35. Kb3 Kc6 36. Ka4 Kb6 37. f4 f6 38. h5 Ka6 39. g5 fxg5 40. fxg5 Kb6
41. h6 {Black resigns} 1-0

[Event "Team 45 45 League T69"]
[Site "Internet Chess Club"]
[Date "2016.07.01"]
[Round "4"]
[White "JohLeb"]
[Black "guyd52"]
[Result "1-0"]
[WhiteElo "1399"]
[BlackElo "1319"]
[Opening "QGD Slav defense"]
[ECO "D10"]
[Time "18:30:57"]
[TimeControl "2700+45"]

1. d4 d5 2. c4 c6 3. Nc3 g6 4. Nf3 Bg7 5. Bf4 Nd7 6. e3 Ngf6 7. Bd3 O-O 8. O-O
Qe8 9. cxd5 cxd5 10. Nb5 Qd8 11. Rc1 Nh5 12. Nc7 Rb8 13. Nxd5 e6 14. Bxb8 exd5
15. Bc7 Qe7 16. Qb3 Ndf6 17. Ba5 Qd7 18. Ne5 Qe6 19. Bb4 Rd8 20. Rc7 Nd7 21.
Nxd7 Bxd7 22. Rxb7 Ra8 23. Bc5 a6 24. Rb8+ Rxb8 25. Qxb8+ Bc8 26. Rc1 Qc6 27.
Rc3 Qa4 28. Qxc8+ {Black resigns} 1-0

[Event "Team 45 45 League T69"]
[Site "Internet Chess Club"]
[Date "2016.06.29"]
[Round "4"]
[White "nosir"]
[Black "Mitochondria"]
[Result "1/2-1/2"]
[WhiteElo "1548"]
[BlackElo "1545"]
[Opening "Torre attack (Tartakower variation)"]
[ECO "D03"]
[Time "21:05:07"]
[TimeControl "2700+45"]

1. d4 Nf6 2. Nf3 d5 3. Bg5 e6 4. e3 c5 5. c3 cxd4 6. exd4 Be7 7. Bd3 Nc6 8. Nbd2
O-O 9. O-O Bd7 10. Ne5 Rc8 11. Qc2 Nxd4 12. Qb1 Nc6 13. Nxd7 Qxd7 14. Bxf6 Bxf6
15. Bxh7+ Kh8 16. Qd3 Ne5 17. Qh3 Rfd8 18. Bc2+ Kg8 19. Rac1 Nc4 20. Nxc4 Rxc4
21. f4 Qc7 22. Qf3 Qb6+ 23. Rf2 Kf8 24. Bd3 Rcc8 25. Kf1 a5 26. a4 Ke7 27. Rfc2
Rh8 28. h3 Rh4 29. Bb5 Qc7 30. Qe3 Rxf4+ 31. Rf2 Bg5 32. Rd1 Rxf2+ 33. Qxf2 Qf4
34. g4 Rh8 35. Qxf4 Bxf4 36. Kg2 Bg5 37. c4 Rd8 38. cxd5 Rxd5 39. Rd3 Rxd3 40.
Bxd3 b6 41. Kf3 Bc1 42. b3 g5 43. Ke4 Kd6 44. Bc4 f6 45. Bb5 Bd2 46. Bc4 Be1 47.
Bb5 Ke7 48. Bc4 Kf7 49. Bd3 Ke7 50. Bc4 Kd6 51. Bb5 Bc3 52. Bc4 Kc5 53. Bxe6 Be5
54. Kf5 Kd6 55. Bc4 Ke7 56. Kg6 Bg3 57. Bd3 Bh4 58. Kf5 Bf2 59. Bc4 {Game drawn
by mutual agreement} 1/2-1/2

[Event "Team 45 45 League T69"]
[Site "Internet Chess Club"]
[Date "2016.06.30"]
[Round "4"]
[White "bmw2002"]
[Black "rubo"]
[Result "1/2-1/2"]
[WhiteElo "1441"]
[BlackElo "1554"]
[Opening "English: symmetrical, main line with d3"]
[ECO "A38"]
[Time "22:35:09"]
[TimeControl "2700+45"]

1. c4 c5 2. g3 Nf6 3. Bg2 g6 4. Nc3 Bg7 5. Nf3 Nc6 6. O-O O-O 7. d3 d6 8. a3 Bd7
9. Rb1 Rb8 10. Nd2 a6 11. b4 cxb4 12. axb4 b5 13. Ba3 Qc8 14. Nd5 Bh3 15. Nxf6+
Bxf6 16. Ne4 Bg7 17. c5 Bxg2 18. Kxg2 Rd8 19. cxd6 exd6 20. Bc1 Qb7 21. Bf4 Nd4
22. Kg1 Qd5 23. e3 Ne6 24. Qb3 Qxb3 25. Rxb3 Nxf4 26. gxf4 Rbc8 27. Ra3 f5 28.
Ng5 Rc6 29. Ne6 Rdc8 30. Nxg7 Kxg7 31. Rfa1 Rc1+ 32. Rxc1 Rxc1+ 33. Kg2 Rc6 34.
Kf3 d5 35. e4 dxe4+ 36. dxe4 fxe4+ 37. Kxe4 Rc4+ 38. Ke5 Rxb4 39. Rxa6 Ra4 40.
Rb6 b4 41. Rb7+ Kh6 42. Kf6 Ra6+ 43. Kf7 Ra4 {Game drawn by mutual agreement}
1/2-1/2

[Event "Team 45 45 League T69"]
[Site "Internet Chess Club"]
[Date "2016.07.02"]
[Round "4"]
[White "supraholic"]
[Black "BrerRabbit"]
[Result "1-0"]
[WhiteElo "1417"]
[BlackElo "1438"]
[Opening "Pirc: Ufimtsev-Pytel variation"]
[ECO "B07"]
[Time "14:31:47"]
[TimeControl "2700+45"]

1. e4 d6 2. d4 Nf6 3. Nc3 c6 4. Nf3 Bg4 5. Be2 e6 6. Be3 d5 7. e5 Nfd7 8. h3 Bh5
9. O-O Be7 10. Qd2 O-O 11. Bg5 Bxg5 12. Nxg5 Bxe2 13. Nxe2 Qb6 14. b3 c5 15. Qd3
g6 16. c3 Nc6 17. Rfd1 cxd4 18. cxd4 Rac8 19. a3 Rc7 20. h4 Rfc8 21. h5 Nf8 22.
h6 Re7 23. Qf3 Nd7 24. Rac1 Qd8 25. Ng3 Qf8 26. Qg4 Qxh6 27. f3 Qg7 28. Kf2 h6
29. Nh3 Nb6 30. Rh1 f5 31. exf6 Qxf6 32. Ne2 Qf5 33. Qh4 Kg7 34. Rxc6 Rxc6 35.
Qxe7+ Qf7 36. Qxf7+ Kxf7 37. Rc1 {Black resigns} 1-0

[Event "Team 45 45 League T69"]
[Site "Internet Chess Club"]
[Date "2016.07.02"]
[Round "4"]
[White "AlPearson"]
[Black "SeniorCitizen"]
[Result "0-1"]
[WhiteElo "1355"]
[BlackElo "1244"]
[Opening "French: advance, Paulsen attack"]
[ECO "C02"]
[Time "13:30:13"]
[TimeControl "2700+45"]

1. e4 e6 2. d4 d5 3. e5 c5 4. c3 Nc6 5. Nf3 Qb6 6. Qc2 Bd7 7. Bd3 cxd4 8. cxd4
Nxd4 9. Nxd4 Qxd4 10. Bxh7 Qxe5+ 11. Be3 Nf6 12. O-O Nxh7 13. g3 Bc6 14. Bf4 Qh5
15. Nd2 Qh3 16. f3 Nf6 17. Nb3 Qf5 18. Qf2 Nh5 19. Nd4 Qg6 20. Be3 Bc5 21. Nxc6
Bxe3 22. Qxe3 bxc6 23. Rf2 Qf6 24. Rc1 Kd7 25. Rfc2 Rhc8 26. Qb3 Qd4+ 27. Kh1
Qb6 28. Qd3 g6 29. g4 Nf4 30. Qd2 g5 31. Qc3 Ke7 32. Qd2 Qb5 33. h4 Qe2 34. Qxe2
Nxe2 35. Rxe2 Kd6 36. h5 Rh8 37. Rec2 Rac8 38. Kg2 Rh6 39. Kf2 f5 40. b4 a6 41.
a4 Rc7 42. b5 axb5 43. axb5 c5 44. b6 Rb7 45. Rxc5 Rxb6 46. Rc8 Rb2+ 47. R1c2
Rxc2+ 48. Rxc2 Ke5 49. Rc8 Kf4 50. Rd8 Ke5 51. Ke3 Kf6 52. Kd4 Ke7 53. Ra8 Kf6
54. Rd8 Ke7 55. Ra8 Kf6 56. Ra6 Rh8 57. Ra1 Rh6 58. Kc5 Ke7 59. Kd4 Kf6 60. Rh1
Rh7 61. gxf5 Kxf5 62. Ke3 e5 63. Kd3 Rh6 64. Ke3 d4+ 65. Ke2 Kf4 66. Rh3 e4 67.
fxe4 Kxe4 68. Rh1 g4 69. Rh4 Kf4 70. Kd3 Kg5 71. Rh1 Rxh5 72. Ra1 g3 73. Ra8 Kg4
74. Rg8+ Kh3 75. Kxd4 g2 76. Ke3 Rf5 77. Rg7 Kh2 78. Rg8 g1=Q+ 79. Rxg1 Kxg1 80.
Ke4 Rf8 81. Ke5 Kg2 82. Ke4 Kg3 83. Ke5 Kg4 84. Kd5 Re8 85. Kd4 Kf4 86. Kd5 Kf5
87. Kd4 Re7 88. Kd3 Kf4 89. Kd4 Rd7+ 90. Kc5 Ke5 91. Kc4 Rd1 92. Kc3 Ke4 93. Kc2
Rd8 94. Kc3 Rd7 95. Kc2 Ke3 96. Kc3 Rc7+ 97. Kb4 Kd3 98. Kb5 Kd4 99. Kb6 Rc1
100. Kb5 Rc2 101. Kb6 Kd5 102. Kb7 Kd6 103. Kb6 Rb2+ 104. Ka7 Kc6 105. Ka8 Kc7
106. Ka7 Ra2# {White checkmated} 0-1

[Event "Team 45 45 League T69"]
[Site "Internet Chess Club"]
[Date "2016.06.29"]
[Round "4"]
[White "cityprosecutor"]
[Black "andrew37"]
[Result "1/2-1/2"]
[WhiteElo "1764"]
[BlackElo "1732"]
[Opening "French: King's Indian attack"]
[ECO "C00"]
[Time "19:12:05"]
[TimeControl "2700+45"]

1. e4 e6 2. d3 d5 3. Nd2 Nf6 4. g3 dxe4 5. dxe4 Nc6 6. Bg2 e5 7. h3 Bc5 8. Ngf3
Qe7 9. O-O O-O 10. Qe2 a5 11. Nb3 a4 12. Nxc5 Qxc5 13. c3 Be6 14. Be3 Qc4 15.
Qc2 Qxe4 16. Qxe4 Nxe4 17. Nxe5 Nxe5 18. Bxe4 Bxh3 19. Rfe1 c6 20. Bd4 Nc4 21.
Re2 Rfe8 22. Rae1 Nd6 23. f3 Be6 24. a3 Bc4 25. Re3 Be6 26. R3e2 Bc4 27. Re3 f5
28. Bc2 Rxe3 29. Rxe3 b5 30. Re7 Bf7 31. Bc5 Nc4 32. b3 axb3 33. Bxb3 Bd5 34.
Bxc4 Bxc4 35. Kf2 Bf7 36. Ke3 Re8 37. Rxe8+ Bxe8 38. f4 Kf7 39. Kd4 Ke6 40. Bf8
g6 41. Bg7 Bf7 42. Kc5 Be8 43. Kd4 Kf7 44. Bh6 Ke6 45. Bf8 Bd7 46. Bg7 Kd6 47.
Bf8+ Ke6 48. Bg7 h5 49. Bh6 Be8 50. Kc5 Bd7 51. Bg5 Be8 52. Bh6 Bd7 53. Bg5
{Game drawn by mutual agreement} 1/2-1/2

[Event "Team 45 45 League T69"]
[Site "Internet Chess Club"]
[Date "2016.06.29"]
[Round "4"]
[White "FrankNautilus"]
[Black "Hal2001"]
[Result "1/2-1/2"]
[WhiteElo "1735"]
[BlackElo "1653"]
[Opening "Robatsch defense"]
[ECO "B06"]
[Time "21:03:30"]
[TimeControl "2700+45"]

1. e4 g6 2. d4 Bg7 3. Nc3 c5 4. dxc5 Bxc3+ 5. bxc3 Qa5 6. Bd2 Qxc5 7. Nf3 Nf6 8.
Be2 d6 9. O-O O-O 10. Bd3 Be6 11. Rb1 Qc7 12. Nd4 Bd7 13. h3 Nc6 14. Nxc6 Bxc6
15. Re1 Nd7 16. Be3 e5 17. f4 Nf6 18. fxe5 dxe5 19. Bd2 Nh5 20. Re3 Nf4 21. Rg3
Kg7 22. Qf1 Rae8 23. Kh1 Re6 24. Rf3 {Game drawn by mutual agreement} 1/2-1/2

[Event "Team 45 45 League T69"]
[Site "Internet Chess Club"]
[Date "2016.07.02"]
[Round "4"]
[White "elessar"]
[Black "pcvan"]
[Result "1-0"]
[WhiteElo "1671"]
[BlackElo "1485"]
[Opening "Sicilian: Najdorf, 7...Be7"]
[ECO "B98"]
[Time "15:02:38"]
[TimeControl "2700+45"]

1. e4 c5 2. Nf3 d6 3. d4 cxd4 4. Nxd4 Nf6 5. Nc3 a6 6. Bg5 e6 7. f4 Be7 8. Qf3
Nbd7 9. Bd3 O-O 10. O-O-O e5 11. Nf5 Nc5 12. Nxe7+ Qxe7 13. Nd5 Ncd7 14. Nxe7+
{Black resigns} 1-0

[Event "Team 45 45 League T69"]
[Site "Internet Chess Club"]
[Date "2016.07.03"]
[Round "4"]
[White "Andressa"]
[Black "Constrictor"]
[Result "1/2-1/2"]
[WhiteElo "1459"]
[BlackElo "1550"]
[Opening "Caro-Kann: exchange variation"]
[ECO "B13"]
[Time "20:05:10"]
[TimeControl "2700+45"]

1. e4 c6 2. d4 d5 3. exd5 cxd5 4. Nf3 Bg4 5. Be2 e6 6. h3 Bh5 7. O-O Nf6 8. Nc3
Be7 9. Bf4 O-O 10. Nb5 Nc6 11. Ne5 Bxe2 12. Qxe2 a6 13. Nxc6 bxc6 14. Nc7 Ra7
15. Nxa6 Qb6 16. Nc5 Qxb2 17. Nd3 Qb5 18. Rfb1 Qc4 19. Nc1 Qxe2 20. Nxe2 c5 21.
dxc5 Bxc5 22. Be3 Bxe3 23. fxe3 g6 24. Rb3 Ne4 25. Nd4 Nd2 26. Rc3 Rfa8 27. a3
Nc4 28. Nb5 Ra5 29. Rb3 Rb8 30. a4 Rba8 31. Nc7 Rxa4 32. Rxa4 Rxa4 33. Rb8+ Kg7
34. Ne8+ Kf8 35. Nf6+ Kg7 36. Ne8+ Kf8 37. Nf6+ Ke7 38. Nxh7 Nd6 39. Ng5 Rc4 40.
Rb2 Kf6 {Game drawn by mutual agreement} 1/2-1/2

[Event "Team 45 45 League T69"]
[Site "Internet Chess Club"]
[Date "2016.07.03"]
[Round "4"]
[White "Elalfer"]
[Black "kidcobra"]
[Result "1/2-1/2"]
[WhiteElo "1624"]
[BlackElo "1771"]
[Opening "King's Indian: orthodox, Aronin-Taimanov, 9.Ne1"]
[ECO "E98"]
[Time "17:02:21"]
[TimeControl "2700+45"]

1. d4 Nf6 2. c4 g6 3. Nc3 Bg7 4. e4 d6 5. Nf3 O-O 6. Be2 e5 7. O-O Nc6 8. d5 Ne7
9. Ne1 Nd7 10. Be3 f5 11. f3 f4 12. Bf2 a5 13. a4 g5 14. Nd3 h5 15. c5 dxc5 16.
Nxc5 Nxc5 17. Bxc5 b6 18. Bf2 Rf6 19. Rc1 Bd7 {Game drawn by mutual agreement}
1/2-1/2

[Event "Team 45 45 League T69"]
[Site "Internet Chess Club"]
[Date "2016.07.01"]
[Round "4"]
[White "RD1974"]
[Black "cayo89"]
[Result "1-0"]
[WhiteElo "1700"]
[BlackElo "1635"]
[Opening "Bishop's opening: Berlin defense"]
[ECO "C24"]
[Time "18:10:40"]
[TimeControl "2700+45"]

1. e4 e5 2. Bc4 Nf6 3. d3 d5 4. exd5 Nxd5 5. Nf3 Nc6 6. O-O Be7 7. c3 O-O 8. h3
Be6 9. Bb5 f6 10. Ba4 Nb6 11. Bc2 Qd7 12. Kh2 Bd6 13. Ng1 Bf5 14. Nd2 e4+ 15. g3
exd3 16. Bb3+ Kh8 17. Ndf3 Rfe8 18. Be3 Rad8 19. Nh4 Be6 20. Re1 Ne5 21. f4 Nec4
22. Bxb6 Nxb6 23. Qh5 Bxb3 24. axb3 Rxe1 25. Rxe1 Kg8 26. Nf5 Bf8 27. Nd4 g6 28.
Qd1 c5 29. Ne6 Re8 30. Nxf8 Kxf8 31. Rxe8+ Kxe8 32. Nf3 Qd5 33. c4 Qe4 34. Kg1
Qe3+ 35. Kf1 d2 36. Qe2 Qxe2+ 37. Kxe2 d1=Q+ 38. Kxd1 Ke7 39. Ke2 a5 40. Nd2 Na8
41. g4 Nc7 42. Ke3 b6 43. h4 Na6 44. Ke4 Ke6 45. Nb1 Nb4 46. Nc3 Nc2 47. Na4 Nd4
48. Nxb6 Nxb3 49. Na4 h6 50. Ke3 Kd6 51. Nc3 Nd4 52. Ne4+ Kc6 53. Nxf6 Kd6 54.
Ne4+ Kc6 55. Ng3 Kd6 56. Ke4 Ke6 57. f5+ gxf5+ 58. Nxf5 Nxf5 59. gxf5+ Kf6 60.
b3 Kf7 61. Ke5 Ke7 62. f6+ Kf7 63. h5 Kf8 64. Ke6 Ke8 65. f7+ Kf8 66. Kd6 {Black
resigns} 1-0

[Event "Team 45 45 League T69"]
[Site "Internet Chess Club"]
[Date "2016.07.01"]
[Round "4"]
[White "scostanzo212"]
[Black "noblitz-oblige"]
[Result "1-0"]
[WhiteElo "1526"]
[BlackElo "1460"]
[Opening "Kevitz-Trajkovich defense"]
[ECO "A50"]
[Time "22:00:38"]
[TimeControl "2700+45"]

1. d4 Nf6 2. c4 Nc6 3. Nc3 e5 4. dxe5 Nxe5 5. e3 Bc5 6. Nf3 Qe7 7. Be2 d6 8. O-O
O-O 9. Na4 Be6 10. b3 Rad8 11. Qc2 Ng6 12. Nxc5 dxc5 13. Bb2 Rd7 14. Rad1 Rfd8
15. Ng5 Rxd1 16. Rxd1 Bc8 17. Rxd8+ Qxd8 18. Qd3 Qe7 19. Bf3 c6 20. Bd1 Ne8 21.
f4 Nd6 22. Bc2 Bf5 23. Qc3 f6 24. Nf3 Bxc2 25. Qxc2 Qxe3+ 26. Qf2 Qxf2+ 27. Kxf2
Nxf4 28. Ne1 b5 29. g3 Ne6 30. cxb5 cxb5 31. Ke3 Kf7 32. Nd3 f5 33. Nf4 Nxf4 34.
Kxf4 g6 35. Ke5 Ke7 36. Kd5 c4 37. Ba3 {Black resigns} 1-0

[Event "Team 45 45 League T69"]
[Site "Internet Chess Club"]
[Date "2016.07.04"]
[Round "4"]
[White "chesskix"]
[Black "tamky70"]
[Result "1-0"]
[WhiteElo "1524"]
[BlackElo "1316"]
[Opening "Réti: advance variation"]
[ECO "A09"]
[Time "10:00:52"]
[TimeControl "2700+45"]

1. Nf3 d5 2. c4 d4 3. d3 Nf6 4. g3 c6 5. Bg2 Nbd7 6. O-O e5 7. Nbd2 Be7 8. a3
O-O 9. b4 Rb8 10. Nb3 e4 11. Nfxd4 exd3 12. exd3 Nb6 13. Bf4 Bd6 14. Bxd6 Qxd6
15. c5 Qd8 16. cxb6 axb6 17. Rc1 Bg4 18. Bf3 Bh3 19. Re1 Bc8 20. Re3 Ra8 21. Ra1
Nd5 22. Bxd5 Qxd5 23. Qf3 Be6 24. Nxe6 fxe6 25. Qxd5 exd5 26. Nd4 Rf7 27. Ne6
Re7 28. Nf4 Rd7 29. d4 c5 30. dxc5 bxc5 31. bxc5 d4 32. Rd3 Ra4 33. Rc1 h6 34.
c6 bxc6 35. Rxc6 Rda7 36. Ne6 Rxa3 37. Rxd4 R3a6 38. Rxa6 Rxa6 39. Nc7 Ra1+ 40.
Kg2 Ra7 41. Rd8+ Kh7 42. Ne6 Kg6 43. Nf4+ Kh7 44. h4 Rf7 45. h5 Rf5 46. Rd5 Rf7
47. Ng6 Rf5 {Black resigns} 1-0